 Dungeon Crawl Stone Soup version 0.26.1-2-gb8aa6d0cf2 (webtiles) character file.

Game seed: 4972562495613009122

8731 Gadfly the Basher (level 11, -4/74 HPs)
             Began as a Gargoyle Fighter on Feb 27, 2021.
             Was an Initiate of Gozag.
             Slain by a hellwing (14 damage)
             ... summoned by an obsidian statue
             ... in a Gauntlet.
             The game lasted 00:22:18 (10621 turns).

Gadfly the Basher (Gargoyle Fighter)               Turns: 10621, Time: 00:22:19

Health: -4/74      AC: -7    Str: 22      XL:     11   Next: 35%
Magic:  11/11      EV:  6    Int:  8 (9)  God:    Gozag
Gold:   1998       SH: 11    Dex: 10      Spells: 10/10 levels left

rFire    + . .     SeeInvis .   b - +2 hand axe (elec)
rCold    . . .     Faith    .   c - +0 kite shield
rNeg     + . .     Spirit   .   x - +0 chain mail
rPois    ∞         Reflect  .   g - +1 helmet
rElec    +         Harm     .   s - +0 cloak
rCorr    .         Rampage  .   C - +0 pair of gloves
Will     .....     NoTele   +   z - +1 pair of boots
Stlth    ..........             H - amulet of the acrobat
HPRegen  0.22/turn              n - +4 ring of protection
MPRegen  0.12/turn              D - ring of protection from fire

@: corroded
A: slimy green scales 1, deterioration 1, negative energy resistance 1, robust
1, electricity resistance, unbreathing, petrification resistance, miasma
immunity, AC +8
a: Renounce Religion, Potion Petition, Call Merchant, Bribe Branch


You were in a Gauntlet.
You worshipped Gozag.
Gozag was most pleased with you.
You visited 3 branches of the dungeon, and saw 12 of its levels.
You also visited: Gauntlet.

You collected 2051 gold pieces.
You paid 53 gold pieces to Gozag.

Inventory:

Hand Weapons
 a - a +2 flail of holy wrath
 b - a +2 hand axe of electrocution (weapon)
 e - a +0 morningstar
 J - a +2 spear of venom
Armour
 c - a +0 kite shield (worn)
 g - a +1 helmet (worn)
 s - a +0 cloak (worn)
 x - a +0 chain mail (worn)
 z - a +1 pair of boots (worn)
 C - a +0 pair of gloves (worn)
 I - the +0 scale mail of Bitz {rF+ rCorr Int+3}
   (You found it on level 9 of the Dungeon)

   It affects your intelligence (+3).
   It protects you from fire.
   It provides partial protection from all sources of acid and corrosion.
Jewellery
 n - a +4 ring of protection (left hand)
 D - a ring of protection from fire (right hand)
 H - an amulet of the acrobat (around neck)
Wands
 j - a wand of disintegration (16)
 k - a wand of flame (17) (quivered)
 q - a wand of iceblast (18)
 t - a wand of paralysis (20)
 y - a wand of polymorph (8)
 E - a wand of random effects (16)
 F - a wand of enslavement (7)
 G - a wand of digging (16)
Scrolls
 h - 4 scrolls of remove curse
 m - 2 scrolls of fear
 v - 2 scrolls of fog
Potions
 d - 3 potions of might
 f - 4 potions of haste
 o - a potion of berserk rage
 r - 3 potions of curing
 u - 3 potions of heal wounds
 A - a potion of flight
 B - 2 potions of resistance
 L - a potion of ambrosia


   Skills:
 + Level 8.2 Fighting
 * Level 9.8 Maces & Flails
 + Level 8.1 Armour
 + Level 8.1 Shields
 + Level 7.8 Evocations


You had 10 spell levels left.
You didn't know any spells.
Your spell library contained the following spells:

 Spells                   Type           Power        Failure   Level
 Sting                    Tmut/Pois      0%           100%        1
 Poisonous Vapours        Pois/Air       0%           100%        2
 Ignite Poison            Fire/Tmut/Pois 0%           100%        3
 Mephitic Cloud           Conj/Pois/Air  0%           100%        3
 Olgreb's Toxic Radiance  Pois           0%           100%        4


Dungeon Overview and Level Annotations

Branches:
Dungeon (10/15)            Temple (1/1) D:4            Lair (1/6) D:9
    Orc (0/2) D:9         Gauntlet (1/1)

Altars:
Ashenzari
Cheibriados
Dithmenos
Elyvilon
Fedhas
Gozag
Hepliaklqana
Kikubaaqudgha
Makhleb
Nemelex Xobeh
Okawaru
Qazlal
Ru
Sif Muna
Trog
Uskayaw
Vehumet
Wu Jian
Xom
Yredelemnul
Zin
The Shining One

Annotations:
Gauntlet 9 transporters, 3 runed translucent doors, exclusion: obsidian statue


Innate Abilities, Weirdness & Mutations

You are resistant to torment.
Your stone body is resilient. (AC +8)
You are immune to poison.
You resist negative energy. (rN+)
You are resistant to electric shocks. (rElec)
You can survive without breathing.
You are immune to petrification.
You are immune to miasma.
You are partially covered in slimy green scales. (AC +2)
Your body sometimes deteriorates upon taking damage.
You are robust. (+10% HP)


Message History

You hit the hellwing but do no damage.
You hit the obsidian statue but do no damage.
The hellwing hits you!
Your body deteriorates!
You feel dopey. The hellwing hits you.
The obsidian statue's eyes glow briefly.
The obsidian statue attempts to bespell you!
You resist.
Okay, then.
You hit the hellwing but do no damage.
You hit the obsidian statue but do no damage.
The hellwing hits you!
* * * LOW HITPOINT WARNING * * *
The hellwing closely misses you.
The obsidian statue's eyes glow briefly.
You hit the hellwing but do no damage.
You hit the obsidian statue but do no damage.
The hellwing hits you!
You die...
Your body crumbles into a pile of gold.

##≈...P..#..P....#.PP≈≈≈≈≈P..#4.
#≈≈....♣.#.#.#.#.#..P#≈#≈#P..#.#
##≈......#...©)..#...P.P.....#3=
##..♣.#############..P♣P..#####
##≈....#©....©....©#.......#©...
#≈≈.###################.########
##≈.#...©#.w#.#...#^.©#.#..#.#..
##.#.##.#.w#.#4#.#.###.#.#.#.#.
##≈.#.##.#.w#.#@#.#^.^#.#.#.#.#.
#≈≈.#....#.w#.#8#.###.#.#..#©#..
##≈.###+++.w#.#4#...#.#.#2#.#.#.
##.#.=#.#..#.#4###.#'#.#h#.#.#h
##≈.#?|#©#..#.#?=©#...#.#h?#©#2h
#≈≈.#########.#########.########
##≈.............................
##..♣...♣..P♣..P♣P.........P♣..
#≈....................∩...PP...


You could see an obsidian statue, a tyrant leech, a hellwing (summoned), 2 rust
devils and 4 swamp worms.

Vanquished Creatures
  Erolcha (D:9)
  An ugly thing (D:8)
  A shining eye (Gauntlet)
  A smoke demon (Gauntlet)
  A cane toad (Lair:1)
  A troll (D:9)
  Grinder (D:3)
  A hornet (D:9)
  Prince Ribbit (D:5)
  2 wyverns
  Eustachio (D:6)
  2 water moccasins (D:9)
  2 floating eyes (Gauntlet)
  3 ice beasts (D:6)
  2 sky beasts
  A necrophage (D:7)
  5 wolves (D:9)
  An ogre (D:7)
  7 phantoms
  4 centaurs
  A big kobold (D:9)
  6 bullfrogs
  3 gnoll sergeants
  A scorpion (D:8)
  3 troll zombies (D:9)
  4 killer bees (D:8)
  2 howler monkeys
  5 wights (D:10)
  An electric eel (D:9)
  3 crimson imps (Gauntlet)
  A quasit (D:8)
  A bullfrog zombie (D:8)
  9 hounds
  A jelly (D:9)
  2 orc priests
  A gnoll shaman (D:7)
  An iguana (D:6)
  9 worker ants
  Ijyb (D:5)
  Natasha (thrice) (D:3)
  4 orc wizards
  5 ogre zombies (D:9)
  A worker ant zombie (D:8)
  26 gnolls
  A howler monkey skeleton (D:8)
  12 adders
  3 shadow imps
  2 white imps (D:8)
  An ufetubus (D:7)
  An ooze (D:1)
  2 adder zombies
  An adder skeleton (D:5)
  3 worms
  A dart slug (D:2)
  A leopard gecko (D:7)
  22 orcs
  5 giant cockroaches
  5 goblins
  12 hobgoblins
  12 jackals
  3 quokkas
  12 bats
  2 frilled lizards (D:1)
  4 goblin zombies (D:9)
  3 hobgoblin skeletons (D:9)
  4 hobgoblin zombies (D:9)
  13 kobolds
  A leopard gecko skeleton (D:7)
  2 orc skeletons (D:9)
  12 orc zombies (D:9)
  2 quokka skeletons
  A quokka zombie (D:6)
  11 rats
287 creatures vanquished.

Vanquished Creatures (collateral kills)
  A hound skeleton (D:7)
1 creature vanquished.

Vanquished Creatures (others)
  4 demonic plants (Gauntlet)
  A fungus (D:7)
  4 plants
9 creatures vanquished.

Grand Total: 297 creatures vanquished

Notes
Turn   | Place    | Note
-------+----------+-------------------------------------------
     0 | D:1      | Gadfly the Gargoyle Fighter began the quest for the Orb.
     0 | D:1      | Reached XP level 1. HP: 14/14 MP: 1/1
   132 | D:1      | Reached XP level 2. HP: 19/19 MP: 2/2
   361 | D:1      | Reached skill level 1 in Evocations
   407 | D:1      | Reached XP level 3. HP: 23/23 MP: 3/3
   774 | D:2      | Reached XP level 4. HP: 21/28 MP: 4/4
  1054 | D:2      | Reached skill level 3 in Maces & Flails
  1115 | D:2      | Found a shimmering altar of Xom.
  1163 | D:2      | Found a basalt altar of Yredelemnul.
  1593 | D:3      | Reached XP level 5. HP: 31/33 MP: 5/5
  1889 | D:3      | Noticed Grinder
  1908 | D:3      | Paralysed by Grinder for 3 turns
  1917 | D:3      | Paralysed by Grinder for 2 turns
  1921 | D:3      | Killed Grinder
  1922 | D:3      | Reached skill level 4 in Maces & Flails
  1922 | D:3      | Reached XP level 6. HP: 25/38 MP: 6/6
  2298 | D:3      | Noticed Natasha
  2313 | D:3      | Killed Natasha
  2638 | D:3      | Noticed Natasha
  2645 | D:3      | Killed Natasha
  2646 | D:3      | Reached XP level 7. HP: 43/43 MP: 7/7
  2789 | D:3      | Noticed Natasha
  2802 | D:3      | Killed Natasha
  2903 | D:4      | Found a staircase to the Ecumenical Temple.
  2917 | Temple   | Entered the Ecumenical Temple
  2952 | Temple   | Became a worshipper of Gozag Ym Sagoz the Greedy
  3614 | D:4      | Gained mutation: Your muscles are strong. (Str +2) [potion
                  | of mutation]
  3614 | D:4      | Gained mutation: You expend magic power (3 MP) to
                  | strengthen your wands. [potion of mutation]
  3614 | D:4      | Gained mutation: You can translocate small distances at
                  | will. [potion of mutation]
  3638 | D:5      | Entered Level 5 of the Dungeon
  3823 | D:5      | Found a sacrificial altar of Ru.
  4032 | D:5      | Noticed Prince Ribbit
  4043 | D:5      | Killed Prince Ribbit
  4044 | D:5      | Reached skill level 5 in Maces & Flails
  4044 | D:5      | Reached skill level 5 in Armour
  4044 | D:5      | Reached XP level 8. HP: 47/48 MP: 8/8
  4287 | D:5      | Noticed Ijyb
  4294 | D:5      | Paralysed by Ijyb for 4 turns
  4309 | D:5      | Killed Ijyb
  4598 | D:6      | Reached skill level 5 in Fighting
  4598 | D:6      | Reached skill level 5 in Shields
  5012 | D:6      | Reached skill level 6 in Maces & Flails
  5012 | D:6      | Reached skill level 5 in Evocations
  5058 | D:6      | Reached XP level 9. HP: 42/54 MP: 9/9
  5144 | D:6      | Found a broken altar of Ashenzari.
  5430 | D:6      | Noticed Eustachio
  5440 | D:6      | Killed Eustachio
  5585 | D:6      | Found a radiant altar of Vehumet.
  5587 | D:6      | Found a blossoming altar of Fedhas.
  5587 | D:6      | Found a hide-covered altar of Uskayaw.
  5588 | D:6      | Found a bloodstained altar of Trog.
  5588 | D:6      | Found a hazy altar of Hepliaklqana.
  5833 | D:7      | You fall into a shaft and drop 2 floors!
  5968 | D:8      | Reached skill level 7 in Maces & Flails
  6330 | D:8      | Noticed a green ugly thing
  6351 | D:8      | Killed a green ugly thing
  6436 | D:8      | Found a shimmering altar of Xom.
  6473 | D:7      | Found a blossoming altar of Fedhas.
  6576 | D:7      | Reached XP level 10. HP: 57/61 MP: 10/10
  7111 | D:7      | Reached skill level 8 in Maces & Flails
  8388 | D:9      | Found a staircase to the Orcish Mines.
  8488 | D:9      | Noticed Erolcha
  8510 | D:9      | Paralysed by Erolcha for 2 turns
  8516 | D:9      | Killed Erolcha
  8855 | D:9      | Reached skill level 9 in Maces & Flails
  8904 | D:9      | Reached XP level 11. HP: 50/68 MP: 11/11
  9359 | D:9      | Found a staircase to the Lair.
  9502 | D:9      | Got a crude scale mail
  9513 | D:9      | Identified the cursed +0 scale mail of Bitz {rF+ rCorr
                  | Int+3} (You found it on level 9 of the Dungeon)
  9681 | D:10     | Entered Level 10 of the Dungeon
  9850 | Lair:1   | Entered Level 1 of the Lair of Beasts
  9854 | Lair:1   | Found a gate leading to a gauntlet.
  9879 | Gauntlet | Entered a Gauntlet
  9879 | Gauntlet | Found a transporter.
  9915 | Gauntlet | Found a transporter.
  9926 | Gauntlet | Found a transporter.
  9929 | Gauntlet | Found a transporter.
  9946 | Gauntlet | Found a transporter.
  9953 | Gauntlet | Found a transporter.
  9953 | Gauntlet | Noticed a balrug
  9961 | Gauntlet | Found a runed translucent door.
  9966 | Gauntlet | Found a transporter.
  9974 | Gauntlet | Noticed an obsidian statue
  9975 | Gauntlet | Found a runed translucent gate.
  9976 | Gauntlet | Found a transporter.
  9976 | Gauntlet | Found a runed translucent gate.
  9977 | Gauntlet | Found a runed translucent gate.
  9981 | Gauntlet | Found a transporter.
  9981 | Gauntlet | Found a transporter.
 10006 | Gauntlet | Found a transporter.
 10006 | Gauntlet | Found a transporter.
 10006 | Gauntlet | Noticed a shining eye
 10063 | Gauntlet | Found a transporter.
 10078 | Gauntlet | Found a transporter.
 10492 | Gauntlet | Paralysed by a floating eye for 2 turns
 10493 | Gauntlet | Gained mutation: Armour fits poorly on your strangely
                  | shaped body. [a shining eye]
 10495 | Gauntlet | Gained mutation: Your body sometimes deteriorates upon
                  | taking damage. [a shining eye]
 10496 | Gauntlet | Lost mutation: Your muscles are strong. (Str +2) [a shining
                  | eye]
 10498 | Gauntlet | Killed a shining eye
 10499 | Gauntlet | Paralysed by a floating eye for 2 turns
 10502 | Gauntlet | Lost mutation: You expend magic power (3 MP) to strengthen
                  | your wands. [potion of mutation]
 10502 | Gauntlet | Lost mutation: Your body sometimes deteriorates upon taking
                  | damage. [potion of mutation]
 10502 | Gauntlet | Gained mutation: You are robust. (+10% HP) [potion of
                  | mutation]
 10502 | Gauntlet | Gained mutation: You have sharp toenails. [potion of
                  | mutation]
 10502 | Gauntlet | Gained mutation: You are strong-willed. (Will+) [potion of
                  | mutation]
 10517 | Gauntlet | Lost mutation: You have sharp toenails. [potion of
                  | mutation]
 10517 | Gauntlet | Lost mutation: Armour fits poorly on your strangely shaped
                  | body. [potion of mutation]
 10517 | Gauntlet | Lost mutation: You are strong-willed. (Will+) [potion of
                  | mutation]
 10517 | Gauntlet | Lost mutation: You can translocate small distances at will.
                  | [potion of mutation]
 10517 | Gauntlet | Gained mutation: Your body sometimes deteriorates upon
                  | taking damage. [potion of mutation]
 10517 | Gauntlet | Gained mutation: You are partially covered in slimy green
                  | scales. (AC +2) [potion of mutation]
 10621 | Gauntlet | Slain by a hellwing

Illustrated notes

Levels and vault maps discovered:
D:1:      mrwooster_arrival_statue_2, layout_basic, minmay_misc_feat_chi,
          chequers_serial_rivers_small_b
D:2:      layout_basic, nicolae_overflow_hidden_temple, xom_redecorated
D:3:      layout_basic, uniq_natasha, uniq_grinder
D:4:      layout_basic, minmay_temple_entry_antechambers,
          kennysheep_generic_room_10
D:5:      layout_loops_ring, nicolae_overflow_crystal_walls,
          uniq_prince_ribbit1, uniq_ijyb
D:6:      layout_rooms, grunt_temple_overflow_open, evilmike_ruin_ashenzari,
          uniq_eustachio
D:7:      layout_cave_pools, serial_gnoll_camp, gnoll_camp_mini_doghouse,
          gnoll_camp_mini_basic, gnoll_camp_mini_hut, gnoll_camp_mini_sergeant,
          fedhas_altar_3
D:8:      layout_basic, basic_altar
D:9:      layout_basic, erik_lair_island, zombieorc2_lemuel, minivault_22,
          uniq_erolcha
D:10:     layout_roguey, serial_corexii_hall, corexii_hall_statues_l,
          corexii_hall_statues_deadend, corexii_hall_statues_x,
          corexii_hall_statues_i, basic_altar
Temple:   nicolae_temple_god_jail
Lair:1:   layout_big_grid, gauntlet_entry_generic, basic_altar
Gauntlet: minmay_gauntlet_77_tree [minmay_gauntlet_arena_77_block_sizes,
          minmay_gauntlet_arena_77_museum, minmay_gauntlet_arena_77_two_paths,
          minmay_gauntlet_arena_77_run_for_it, minmay_gauntlet_arena_77_path,
          minmay_gauntlet_arena_77_braids,
          minmay_gauntlet_arena_77_radiant_squares, gauntlet_exit_hidden_loot]

Skill      XL: |  1  2  3  4  5  6  7  8  9 10 11 |
---------------+----------------------------------+-----
Evocations     | 1 3 4 5 6 7 |  7.8
Maces & Flails | 3 4 5 6 7 9 |  9.8
Armour         | 4 5 6 7 8 |  8.1
Fighting       | 4 5 6 7 8 |  8.2
Shields        | 4 5 6 7 8 |  8.1

Action                   |  1- 3 |  4- 6 |  7- 9 | 10-12 || total
-------------------------+-------+-------+-------+-------++-------
Melee: Flail             |    83 |   153 |    82 |   179 ||   497
       Spear             |       |       |   388 |   295 ||   683
       Hand axe          |       |       |       |   112 ||   112
 Abil: Blink             |       |       |     1 |       ||     1
Evoke: Wand              |       |       |     1 |     3 ||     4
  Use: Scroll            |     4 |     7 |     8 |    11 ||    30
       Potion            |       |       |     1 |     2 ||     3
 Stab: Distracted        |       |       |     3 |     3 ||     6
Armor: Scale mail        |    46 |   108 |   126 |     4 ||   284
       Chain mail        |       |       |   113 |   349 ||   462
Dodge: Dodged            |    36 |    75 |   171 |   191 ||   473
Block: Kite shield       |    53 |    35 |       |    44 ||   132
       Buckler           |       |    16 |   118 |   126 ||   260
